 Dungeon Crawl Stone Soup version 0.25-a0-829-g4e6a552925 (webtiles) character file.

Game seed: 16550452065541622819, levelgen mode: deterministic

19 kae the Gusty (level 2, 0/15 HPs)
             Began as a Tengu Air Elementalist on Apr 21, 2020.
             Slain by a gnoll
             ... wielding a +0 club
              (3 damage)
             ... on level 2 of the Dungeon.
             The game lasted 00:00:16 (937 turns).

kae the Gusty (Tengu Air Elementalist)               Turns: 937, Time: 00:00:17

Health: 0/15       AC:  2    Str:  8    XL:     2   Next: 75%
Magic:  2/6        EV: 12    Int: 15    God:
Gold:   58         SH:  0    Dex: 14    Spells: 4/5 levels left

rFire    . . .     SeeInvis .   (no weapon)
rCold    . . .     Gourm    .   (no shield)
rNeg     . . .     Faith    .   a - +0 robe
rPois    .         Spirit   .   (helmet restricted)
rElec    .         Reflect  .   (no cloak)
rCorr    .         Harm     .   (no gloves)
MR       .....                  (boots unavailable)
Stlth    ++........             (no amulet)
HPRegen  0.05/turn              (no ring)
MPRegen  0.10/turn              (no ring)

@: very slightly contaminated
A: beak, talons 3
a: no special abilities


You were on level 2 of the Dungeon.
You were not hungry.

You visited 1 branch of the dungeon, and saw 2 of its levels.

You collected 58 gold pieces.

Inventory:

Armour
 a - a +0 robe (worn)
Jewellery
 d - a +4 ring of dexterity {unknown}
Scrolls
 b - 4 scrolls of identify {unknown}
 e - a scroll of enchant weapon {unknown}
 f - a scroll of enchant armour {unknown}
Potions
 g - a potion of stabbing {unknown}
Comestibles
 c - 3 rations


   Skills:
 - Level 2.1 Dodging
 - Level 2.0 Stealth
 + Level 2.2 Spellcasting
 * Level 2.7 Conjurations
 + Level 4.3 Air Magic


You had 4 spell levels left.
You knew the following spells:

 Your Spells              Type           Power        Failure   Level  Hunger
a - Shock                 Conj/Air       ##..         4%          1    #......

Your spell library contained the following spells:

 Spells                   Type           Power        Failure   Level  Hunger
 Swiftness                Chrm/Air       #.......     14%         2    ###....
 Static Discharge         Conj/Air       ##......     16%         3    ###....
 Airstrike                Air            ##........   36%         4    #####..
 Lightning Bolt           Conj/Air       ##........   80%         5    ######.


Dungeon Overview and Level Annotations

Branches:
Dungeon (2/15)

Altars:


Innate Abilities, Weirdness & Mutations

You have a beak for a mouth.
You have claws for feet.


Message History

You miscast Shock.
You are very lightly contaminated with residual magic.
Nothing appears to happen.
The bat barely misses you. The gnoll closely misses you.
The gnoll hits you from afar with a +0 spear.
* * * LOW HITPOINT WARNING * * *
You are too injured to fight recklessly!
You are too injured to fight recklessly!
Casting: Shock (safe; 4% risk of failure)
Confirm with . or Enter, or press ? or * to list all spells.
Aiming: Shock (safe; 4% risk of failure)
Press: ? - help, Shift-Dir - straight line, f/p - gnoll
Aim: a gnoll, wielding a +0 club (almost dead)
The zap hits the gnoll.
The gnoll is almost dead.
The gnoll shouts!
The bat hits you.
* * * LOW HITPOINT WARNING * * *
The gnoll hits you with a +0 club.
You die...

#..## #..g .... #.
#..# #.# ##..# #.#
.gb### #.# #g...# #.#
####### #@##.# #.#
#.....#
#.##.###.###.###.#
#.##.##......# #.#
##.##.##..###.###.#
##.........###.....#
##.#.##.######...#...
##.###.#.## #.##.###
#.#.## ##...#####. #.#
#....###.#......#.##.#
#


You could see 3 gnolls and a bat.

Vanquished Creatures
  A leopard gecko (D:1)
  4 bats (D:1)
  2 goblins (D:1)
  3 hobgoblins
  3 kobolds
  5 rats
18 creatures vanquished.

Notes
Turn   | Place    | Note
-------+----------+-------------------------------------------
     0 | D:1      | kae the Tengu Air Elementalist began the quest for the Orb.
     0 | D:1      | Reached XP level 1. HP: 10/10 MP: 4/4
   397 | D:1      | Reached XP level 2. HP: 15/15 MP: 4/6
   937 | D:2      | Slain by a gnoll

Levels and vault maps discovered:
D:1:      dpeg_arrival_three_smaller_balls, layout_loops_corners
D:2:      layout_loops_ring, minmay_parallelograms

Skill      XL: |  1 |
---------------+----+-----
Conjurations   | 2 |  2.7
Dodging        | |  2.1
Stealth        | |  2.0
Spellcasting   | |  2.2
Air Magic      | |  4.3

Action                   || total
-------------------------++-------
Melee: Unarmed           ||    16
       Kick              ||     5
       Peck              ||     1
 Cast: Shock             ||    27
Armor: Robe              ||     3
Dodge: Dodged            ||    21

Table legend:
 A = Non-vault XP
 B = Vault XP
 C = Vault XP percentage of total XP
 D = Non-vault monster count
 E = Vault monster count
 F = Vault count percentage of total count
                 A         B        C        D         E       F
            +---------+---------+-------+---------+---------+-------
      Total |      28 |       0 |   0.0 |      18 |       0 |   0.0
            +---------+---------+-------+---------+---------+-------
        D:1 |      22 |       0 |   0.0 |      14 |       0 |   0.0
        D:2 |       6 |       0 |   0.0 |       4 |       0 |   0.0
            +---------+---------+-------+---------+---------+-------
